 Dungeon Crawl Stone Soup version 0.28.0 (webtiles) character file.

Game seed: 7940747392768910724

2 Gabide the Grave Robber (level 1, -1/13 HPs)
             Began as a Mummy Necromancer on Feb 8, 2022.
             Slain by a quokka (2 damage)
             ... on level 1 of the Dungeon.
             The game lasted 00:00:59 (114 turns).

Gabide the Grave Robber (Mummy Necromancer)          Turns: 114, Time: 00:00:59

Health: -1/13      AC:  2    Str: 11    XL:     1   Next: 25%
Magic:  0/4        EV: 12    Int: 14    God:
Gold:   0          SH:  0    Dex: 12    Spells: 4/5 levels left

rFire   x . .      SeeInvis .   (no weapon)
rCold   + . .      Faith    .   (no shield)
rNeg    + + +      Spirit   .   a - +0 robe
rPois   ∞          Reflect  .   (no helmet)
rElec   .          Harm     .   (no cloak)
rCorr   .          Rampage  .   (no gloves)
Will    .....                   (no boots)
Stlth   ++........              (no amulet)
HPRegen 0.04/turn               (no ring)
MPRegen 0.09/turn               (no ring)

@: no status effects
A: cold resistance 1, negative energy resistance 3, torment resistance 2, heat
vulnerability 1, no potions
a: no special abilities


You were on level 1 of the Dungeon.
You visited 1 branch of the dungeon, and saw 1 of its levels.

Inventory:

Armour
 a - a +0 robe (worn)


   Skills:
 * Level 1.5 Dodging
 + Level 1.5 Stealth
 * Level 2.8 Spellcasting
 + Level 4.0 Necromancy


You had 4 spell levels left.
You knew the following spells:

 Your Spells              Type           Power      Damage    Failure   Level
a - Pain                  Necr           52%        1d6       4%          1

Your spell library contained the following spells:

 Spells                   Type           Power      Damage    Failure   Level
 Animate Skeleton         Necr           26%        N/A       4%          1
 Vampiric Draining        Necr           13%        2d6       12%         3
 Animate Dead             Necr           6%         N/A       38%         4
 Agony                    Necr           13%        N/A       75%         5


Dungeon Overview and Level Annotations

Branches:
Dungeon (1/15)

Altars:


Innate Abilities, Weirdness & Mutations

You are immune to poison.
Your flesh is cold resistant. (rC+)
You are immune to negative energy. (rN+++)
You are immune to unholy pain and torment.
You are vulnerable to heat. (rF-)
You do not drink.


Message History

You kill the ball python!
You start resting.
Magic restored.
You open the door.
There is an open door here.
Found a fuming emerald potion.
You open the door.
There is an open door here.
A quokka comes into view.
Found a stone staircase leading down.
A quokka is nearby!
An endoplasm comes into view.
The quokka writhes in agony.
The endoplasm quivers.
The quokka barely resists.
The quokka writhes in agony.
The quokka writhes in agony.
The quokka twitches its whiskers.
The quokka bites you. The endoplasm hits you. The quokka closely misses you.
You hit the endoplasm but do no damage. The quokka bites you.
* * * LOW HITPOINT WARNING * * *
The endoplasm hits you but does no damage.
The quokka bites you but does no damage.
There is a stone staircase leading down here.
A rat comes into view.
The quokka bites you.
* * * LOW HITPOINT WARNING * * *
The quokka bites you but does no damage.
The endoplasm barely misses you.
Aiming: Pain (safe; 4% risk of failure)
Press: ? - help, Q - select action Shift-Dir - straight line, f/p - quokka
Aim: a quokka (severely wounded, chance to affect: 83%)
The quokka writhes in agony.
The quokka closely misses you. The endoplasm freezes you.
You are frozen.
You resist. The quokka bites you.
* * * LOW HITPOINT WARNING * * *
The quokka bites you.
You die...

# #.. #.#..# .#..# ...# #
## #..# . #..#..# #
#.#..#### #..Jr@.# ###.
##..##.# +... ##...# ...
#+# #######. #..r.# ##..+.#
#.....# #.##..# #.#.#
#.....#
#.#####..#######.#+#..>..##
#...r.....>....#.#.#(.<..#.
############.#...#.+.....+.
#.#.#'#.#####'#.


You could see an endoplasm and a quokka.

Vanquished Creatures
  A ball python (D:1)
  A bat (D:1)
2 creatures vanquished.

Notes
Turn   | Place    | Note
-------+----------+-------------------------------------------
     0 | D:1      | Gabide the Mummy Necromancer began the quest for the Orb.
     0 | D:1      | Reached XP level 1. HP: 13/13 MP: 4/4
   114 | D:1      | Slain by a quokka

Illustrated notes

Levels and vault maps discovered:
D:1:      shiori_arrival_maze, layout_loops_ring, serial_shops,
          nicolae_shop_stone, minmay_liquid_box

Action                   || total
-------------------------++-------
Melee: Unarmed           ||     1
 Cast: Pain              ||     7
Armor: Robe              ||     4
Dodge: Dodged            ||     3
